AoeStats
← mryendl2410

Fortress

510274490Analyzed
4v4 RM · 1d ago on Sep 30, 2026· 53m 10s· 8 players
Game mode
Random Map
Map size
Huge
Population
200
Speed
Normal
Resources
Standard
Victory
Conquest
Starting age
Dark Age
Ending age
Imperial Age
RankedLock teamsTeams togetherTeam positionsShared explorationLock speedFull tech treeHidden civsTurbo modeCheats
Victory
Defeat
🇫🇷 Romans · France
1459
+9
🇫🇷 Varangians · France
1369
+13
🇳🇴 Hindustanis · Norway
1291
+16
🇫🇷 Turks · France
1191
+21
🇻🇳 Britons · Vietnam
1394
-18
🇨🇳 Italians · China
1345
-17
🇨🇳 Saracens · China
1276
-14
🇷🇺 Franks · Russia
1169
-10
Gin
8:15 Feudal Age
8:51 Horse Collar
9:18 Double-Bit Axe
11:45 Wheelbarrow
14:16 Castle Age
13:16 Loom
15:44 Bow Saw
16:39 Heavy Plow
18:09 Hand Cart
19:41 Gold Mining
19:41 Stone Mining
22:18 Gold Shaft Mining
24:53 Imperial Age
22:13 Town Watch
23:12 Grand Trunk Road
23:15 Caravan
24:30 Scale Barding Armor
24:35 Forging
25:18 Husbandry
25:28 Bloodlines
26:10 Chain Barding Armor
25:12 Heavy Camel Rider
27:02 Two-Man Saw
25:57 Heavy Camel Rider
27:18 Iron Casting
27:22 Conscription
27:46 Plate Barding Armor
27:38 Imperial Camel Rider
29:28 Blast Furnace
30:39 Hoardings
30:19 Fletching
30:54 Ballistics
31:34 Chemistry
30:40 Siege Engineers
34:25 Elite Skirmisher
35:05 Bodkin Arrow
35:11 Padded Archer Armor
35:31 Thumb Ring
36:20 Bracer
37:21 Leather Archer Armor
38:10 Fortified Wall
39:32 Ring Archer Armor
Hamidouche
3:04 Loom
7:57 Feudal Age
12:54 Castle Age
10:43 Double-Bit Axe
11:02 Horse Collar
11:38 Gold Mining
12:45 Padded Archer Armor
17:43 Wheelbarrow
23:36 Imperial Age
24:48 Town Watch
31:06 Bow Saw
30:57 Heavy Plow
32:11 Artillery
33:50 Conscription
33:48 Leather Archer Armor
33:24 Fletching
35:34 Elite Janissary
40:04 Masonry
39:48 Heavy Camel Rider
40:28 Husbandry
40:39 Bloodlines
42:33 Caravan
43:27 Scale Barding Armor
43:33 Forging
45:10 Chain Barding Armor
44:47 Bodkin Arrow
48:47 Two-Man Saw
48:07 Hand Cart
49:36 Coinage
50:02 Hoardings
50:35 Plate Barding Armor
50:36 Iron Casting
50:02 Bracer
50:34 Ring Archer Armor
52:46 Architecture
52:37 Bombard Tower
54:12 Blast Furnace
Balgridor
1:11 Loom
7:38 Feudal Age
11:27 Castle Age
9:21 Double-Bit Axe
9:26 Horse Collar
10:57 Loom
12:39 Bow Saw
15:26 Wheelbarrow
16:33 Town Watch
18:44 Heavy Plow
19:26 Hand Cart
20:34 Gold Mining
25:45 Imperial Age
23:45 Scale Barding Armor
24:24 Forging
25:01 Chain Barding Armor
25:15 Town Patrol
25:52 Iron Casting
27:07 Plate Barding Armor
26:19 Elite Jarl
28:02 Conscription
27:15 Gothikon
29:25 Blast Furnace
28:46 Stone Mining
29:58 Two-Man Saw
31:50 Caravan
32:45 Fletching
32:55 Padded Archer Armor
33:24 Bodkin Arrow
34:12 Elite Skirmisher
34:54 Bracer
35:10 Leather Archer Armor
35:56 Chemistry
35:17 Ballistics
37:18 Ring Archer Armor
41:46 Fortified Wall
41:47 Masonry
42:17 Vendel Legacy
46:26 Architecture
46:03 Siege Engineers
46:08 Capped Ram
47:09 Siege Ram
48:23 Crop Rotation
Lil Xavier
7:47 Feudal Age
11:24 Castle Age
9:16 Double-Bit Axe
9:50 Horse Collar
12:51 Bow Saw
17:47 Wheelbarrow
19:23 Hand Cart
20:23 Gold Mining
24:39 Imperial Age
22:38 Loom
23:23 Ballistics
24:03 Squires
23:31 Man-at-Arms
24:24 Stone Mining
26:49 Chemistry
25:10 Heavy Scorpion
25:27 Capped Ram
26:32 Caravan
28:07 Conscription
27:31 Siege Ram
31:11 Coinage
30:52 Guilds
32:46 Long Swordsman
33:27 Scale Mail Armor
33:38 Forging
33:40 Ballistas
39:48 Legionary
41:06 Iron Casting
40:46 Chain Mail Armor
41:44 Pikeman
45:12 Murder Holes
45:20 Town Watch
46:29 Halberdier
49:53 Blast Furnace
51:26 Siege Engineers
Sega Mega Drive
2:05 Loom
9:06 Feudal Age
9:58 Double-Bit Axe
13:42 Castle Age
12:18 Stone Mining
12:18 Gold Mining
13:09 Gold Mining
16:44 Caravan
17:24 Wheelbarrow
19:37 Town Watch
22:24 Gold Shaft Mining
22:11 Hand Cart
29:24 Imperial Age
29:03 Forging
28:58 Scale Barding Armor
29:54 Cavalier
30:38 Husbandry
31:14 Chain Barding Armor
31:48 Iron Casting
32:00 Paladin
32:52 Paladin
33:49 Light Cavalry
36:02 Plate Barding Armor
36:33 Light Cavalry
37:37 Chivalry
38:48 Blast Furnace
刀他(她)
7:20 Feudal Age
11:17 Castle Age
9:32 Double-Bit Axe
10:27 Horse Collar
12:21 Wheelbarrow
13:58 Bow Saw
18:05 Gold Mining
20:34 Gold Shaft Mining
19:49 Stone Mining
25:13 Imperial Age
23:05 Heavy Plow
23:48 Fortified Wall
24:47 Forging
24:42 Scale Barding Armor
26:03 Hand Cart
25:53 Husbandry
26:03 Bloodlines
27:13 Chemistry
26:35 Conscription
26:52 Loom
26:52 Town Watch
27:49 Chain Barding Armor
28:05 Iron Casting
27:59 Elite Mameluke
29:12 Town Patrol
30:24 Plate Barding Armor
31:56 Blast Furnace
35:07 Fletching
35:30 Masonry
39:13 Hoardings
38:14 Light Cavalry
39:33 Hussar
41:26 Two-Man Saw
42:55 Caravan
49:01 Capped Ram
51:14 Siege Ram
mryendl2410
8:01 Feudal Age
9:08 Double-Bit Axe
11:33 Castle Age
9:45 Horse Collar
10:58 Gold Mining
11:00 Loom
12:58 Bow Saw
17:16 Wheelbarrow
20:09 Heavy Plow
24:50 Imperial Age
22:55 Fletching
23:17 Padded Archer Armor
23:01 Crossbowman
23:37 Bodkin Arrow
24:47 Leather Archer Armor
25:31 Hand Cart
25:31 Bracer
24:58 Arbalester
26:01 Ballistics
26:19 Ring Archer Armor
27:22 Chemistry
26:44 Town Watch
28:04 Two-Man Saw
28:54 Conscription
29:13 Town Patrol
31:43 Warwolf
36:19 Yeomen
37:18 Caravan
38:06 Scale Mail Armor
38:17 Forging
39:36 Coinage
39:48 Squires
39:36 Arson
40:08 Chain Mail Armor
40:29 Iron Casting
39:45 Man-at-Arms
40:12 Gambesons
42:41 Plate Mail Armor
43:12 Blast Furnace
45:39 Pikeman
46:04 Elite Skirmisher
46:24 Halberdier
棒总
6:27 Loom
8:18 Feudal Age
12:09 Castle Age
10:00 Double-Bit Axe
10:16 Horse Collar
10:44 Gold Mining
11:05 Fletching
14:19 Bow Saw
15:03 Heavy Plow
19:22 Wheelbarrow
21:39 Bodkin Arrow
22:49 Hand Cart
23:22 Padded Archer Armor
23:59 Ballistics
24:15 Stone Mining
25:25 Leather Archer Armor
25:22 Elite Skirmisher
28:58 Imperial Age
30:58 Squires
30:44 Arson
31:30 Conscription
31:24 Scale Mail Armor
31:35 Forging
33:19 Chain Mail Armor
33:40 Iron Casting
36:49 Stone Shaft Mining
39:53 Iron Casting
39:33 Chain Mail Armor
39:41 Conscription
43:51 Chemistry
44:00 Plate Mail Armor
44:32 Blast Furnace
46:35 Bracer
46:41 Scale Barding Armor
47:06 Ring Archer Armor
Connection lost

Rejoining the realm…

Still unreachable

The connection could not be restored.

Session expired

The server has moved on; the page needs a fresh start.